 Dungeon Crawl Stone Soup version 0.18-a0-1748-g7377c14 (webtiles) character file.

936 namelastname112 the Caller (level 7, -1/59 HPs)
             Began as a Black Draconian Summoner on Apr 13, 2016.
             Was an Initiate of Ashenzari.
             Slain by a centaur (7 damage)
             ... on level 5 of the Dungeon.
             The game lasted 00:10:27 (5513 turns).

namelastname112 the Caller (DrSu)                   Turns: 5513, Time: 00:10:28

Health: -1/59      AC:  6    Str: 10    XL:     7   Next: 87%
Magic:  10/13      EV: 13    Int: 17    God:    Ashenzari [......]
Gold:   223        SH:  0    Dex: 12    Spells: 4 memorised, 4 levels left

rFire  . . .     SeeInvis .     v - +0 hand axe (elec)
rCold  . . .     Gourm    .     (armour unavailable)
rNeg   . . .     Faith    .     (no shield)
rPois  .         Spirit   .     (helmet restricted)
rElec  +         Dismiss  .     (no cloak)
rCorr  .         Reflect  .     (no gloves)
SustAt .         Harm     .     (no boots)
MR     .....                    y - amulet of regeneration
Stlth  ++........               (no ring)
                                (no ring)

@: not resistant to hostile enchantments, unstealthy
A: breathe lightning, unfitting armour, electricity resistance, cold-blooded, AC
+6
a: Breathe Lightning, Curse Item, Renounce Religion


You were on level 5 of the Dungeon.
You worshipped Ashenzari.
Ashenzari was noncommittal.
You were near starving.

You visited 2 branches of the dungeon, and saw 6 of its levels.

You collected 223 gold pieces.

Inventory:

Hand Weapons
 v - a +0 hand axe of electrocution (weapon)
Jewellery
 j - a +3 amulet of reflection
 y - an amulet of regeneration (around neck)
Wands
 q - a wand of lightning (8/15)
 w - a wand of lightning (9/15)
 x - a wand of slowing (33/48)
Scrolls
 c - 2 scrolls of enchant armour {unknown}
 d - a scroll of fog {unknown}
 e - 4 scrolls of identify {unknown}
 f - 3 scrolls of remove curse
 g - a scroll of enchant weapon {unknown}
 l - 3 scrolls of immolation {unknown}
 p - a scroll of magic mapping {unknown}
 s - a scroll of teleportation {unknown}
 u - a scroll of blinking {unknown}
Potions
 h - 2 potions of haste {unknown}
 i - a potion of magic
 n - a potion of mutation {unknown}
 o - 3 potions of lignification {unknown}
 t - a potion of might {unknown}
 z - a potion of cure mutation {unknown}
Books
 a - a book of Callings

   Spells                             Type                      Level
   a - Summon Small Mammal            Summoning                    1
   b - Call Imp                       Summoning                    2
   c - Call Canine Familiar           Summoning                    3
   d - Summon Guardian Golem          Hexes/Summoning              3
   e - Summon Lightning Spire         Summoning/Air                4
   f - Summon Ice Beast               Ice/Summoning                4
Comestibles
 b - 4 bread rations
 m - 2 beef jerkies
 r - a fruit


   Skills:
 + Level 4.1 Fighting
 + Level 4.0 Dodging
 - Level 1.8 Stealth
 - Level 0.2 Unarmed Combat
 + Level 4.0 Spellcasting
 * Level 6.7 Summonings
 + Level 2.0 Air Magic


You had 4 spell levels left.
You knew the following spells:

 Your Spells              Type           Power        Failure   Level  Hunger
a - Summon Small Mammal   Summ           ####         1%          1    None
b - Call Canine Familiar  Summ           ####....     3%          3    ###....
c - Summon Lightning Spi  Summ/Air       ###.....     30%         4    ####...
x - Call Imp              Summ           ####....     1%          2    ##.....


Dungeon Overview and Level Annotations

Branches:
Dungeon (5/15)             Temple (1/1) D:4

Altars:
Ashenzari
Cheibriados
Elyvilon
Kikubaaqudgha
Nemelex Xobeh
Okawaru
Qazlal
Sif Muna
Trog
Vehumet
Xom
Yredelemnul
Zin
The Shining One

Shops:
D:5 *


Innate Abilities, Weirdness & Mutations

You can breathe wild blasts of lightning.
Your glossy black scales are hard (AC +6).
Your body does not fit into most forms of armour.
You are resistant to electric shocks.
You are cold-blooded and may be slowed by cold attacks.


Message History

You barely miss the centaur.
The centaur is severely wounded.
The centaur barely misses you.
The hound skeleton bites your lightning spire but does no damage.
The centaur misses you.
The hound skeleton bites your lightning spire but does no damage.
You barely miss the centaur.
The centaur is severely wounded.
The centaur completely misses you.
The hound skeleton bites your lightning spire but does no damage.
The centaur barely misses you.
You barely miss the centaur.
The centaur is severely wounded.
The centaur hits you!
* * * LOW HITPOINT WARNING * * *
The hound skeleton bites your lightning spire but does no damage.
The crimson imp hits your lightning spire.
Your lightning spire is destroyed!
The centaur hits you!
You die...

.....# ##.... ....
#....# #....#.#.#.#.#
##...####.#.(..........
.##....(......#.#.#.#.#.
.⌠#....................
.##c(........Z5#.#.#.#.
###(######.............
#⌠#..# ##..).c#.#.#.#.
.....## #.((..#@.......
#⌠#.8.####(#.###.#.#.#.#
###..(##(c.#.# #.. ..
.##...(5.#(........ #..
.⌠#...c............. .#
.##..##..##.......... #
##..................##
#%.....####.........#
..#.##. #..<....?


You could see a centaur, a crimson imp and a hound skeleton.

Vanquished Creatures
  An ice beast (D:5)
  3 phantoms (D:4)
  A big kobold (D:4)
  2 hounds
  A quasit (D:3)
  An orc wizard (D:3)
  3 worker ants
  3 hound skeletons (D:4)
  An adder (D:3)
  An adder skeleton (D:5)
  3 worms
  A dart slug (D:4)
  3 giant geckos
  9 orcs (D:3)
  3 bats (D:2)
  2 giant cockroaches
  4 goblins (D:2)
  5 hobgoblins
  9 jackals
  A quokka (D:4)
  3 ball pythons (D:2)
  A giant newt (D:1)
  5 kobolds
  8 rats
  2 bushes (D:4)
76 creatures vanquished.

Vanquished Creatures (collateral kills)
  2 centaurs (D:5)
  An ogre (D:4)
  A howler monkey (D:5)
  A crimson imp (D:3)
  An iguana (D:4)
  3 adders (D:2)
  3 gnolls (D:4)
  2 oozes (D:3)
  A dart slug (D:1)
  3 orcs (D:3)
  3 ball pythons (D:2)
  A giant cockroach (D:1)
  6 goblins
  2 hobgoblins (D:2)
  15 jackals
  3 kobolds (D:1)
  A quokka (D:2)
  A bat (D:1)
  A giant gecko skeleton (D:5)
  2 giant newts
  2 rats
55 creatures vanquished.

Grand Total: 131 creatures vanquished

Notes
Turn   | Place    | Note
--------------------------------------------------------------
     0 | D:1      | namelastname112 the Draconian Summoner began the quest for the Orb.
     0 | D:1      | Reached XP level 1. HP: 14/14 MP: 3/3
   644 | D:1      | Reached XP level 2. HP: 12/20 MP: 5/5
   773 | D:1      | Learned a level 2 spell: Call Imp
  1737 | D:2      | Reached XP level 3. HP: 21/27 MP: 6/6
  2062 | D:2      | Learned a level 3 spell: Call Canine Familiar
  2449 | D:2      | Reached skill level 1 in Fighting
  2602 | D:2      | Reached XP level 4. HP: 28/35 MP: 3/7
  3499 | D:3      | Reached XP level 5. HP: 37/41 MP: 3/9
  3505 | D:3      | Reached skill level 5 in Summonings
  3571 | D:3      | Found a snail-covered altar of Cheibriados.
  3603 | D:3      | Found a shimmering altar of Xom.
  3780 | D:4      | Found a basalt altar of Yredelemnul.
  4111 | D:4      | Noticed a phantom
  4170 | D:4      | Killed a phantom
  4170 | D:4      | Reached XP level 6. HP: 50/50 MP: 6/10
  4200 | D:4      | Found a staircase to the Ecumenical Temple.
  4229 | D:4      | Found an ancient bone altar of Kikubaaqudgha.
  4526 | Temple   | Entered the Ecumenical Temple
  4595 | Temple   | Became a worshipper of Ashenzari the Shackled
  4670 | D:4      | Reached skill level 6 in Summonings
  4670 | D:4      | Your scales start taking on a glossy black colour.
  4670 | D:4      | Reached XP level 7. HP: 51/57 MP: 5/12
  4670 | D:4      | Gained mutation: You are resistant to electric shocks. [Black Draconian growth]
  4855 | D:4      | Learned a level 4 spell: Summon Lightning Spire
  5255 | D:5      | Entered Level 5 of the Dungeon
  5261 | D:5      | Reached skill level 1 in Air Magic
  5307 | D:5      | Found Olef's General Store.
  5363 | D:5      | Found a sparkling altar of Nemelex Xobeh.
  5363 | D:5      | Found a bloodstained altar of Trog.
  5513 | D:5      | Slain by a centaur

Vault maps used:
D:1:      dpeg_arrival_tiny_a
D:2:      minmay_shallow_snake_nest
D:3:      cheibriados_altar_wand_db, old_standard_altar, first_bread,
          kennysheep_potato
D:4:      old_standard_altar, kennysheep_mini, minmay_temple_entry_fiery,
          lexackson_kobold_supper
D:5:      nicolae_overflow_hidden_temple, amethyst_overflow_temple_binary,
          serial_shops, shop, hex_large
Temple:   jpeg_temple_clearing_9

Skill      XL: |  1  2  3  4  5  6  7 |
---------------+----------------------+-----
Dodging        | 2 3 4 |  4.0
Fighting       | 1 2 3 4 |  4.1
Summonings     | 5 6 |  6.7
Spellcasting   | 3 4 |  4.0
Air Magic      | 2 |  2.0
Stealth        | |  1.8
Unarmed Combat | |  0.2

Action                   |  1- 3 |  4- 6 |  7- 9 || total
-------------------------+-------+-------+-------++-------
Melee: Unarmed           |   148 |       |       ||   148
       Tailslap          |    15 |    15 |     8 ||    38
       Dagger            |    73 |    73 |       ||   146
       Punch             |       |     1 |       ||     1
       Hand axe          |       |    74 |   105 ||   179
 Cast: Summon Small Mamm |    14 |       |       ||    14
       Call Imp          |    16 |    19 |     5 ||    40
       Call Canine Famil |       |     5 |     2 ||     7
       Summon Lightning  |       |       |     5 ||     5
  Use: Potion            |       |       |     2 ||     2
 Stab: Distracted        |       |     2 |       ||     2
       Sleeping          |       |     1 |       ||     1
  Eat: Chunk             |     7 |     5 |     3 ||    15
       Royal jelly       |       |     1 |       ||     1
       Fruit             |       |     1 |       ||     1
Armor: Skin              |    93 |    29 |    27 ||   149
Dodge: Dodged            |   175 |   110 |    76 ||   361
Block: Other             |    10 |    15 |       ||    25
       Reflected         |       |     2 |       ||     2
